[ AOE2 MATCH · #465578435 ]
UnrankedMongols vs Teutons
[ REPLAY ANALYSIS · EXTRACTED FROM THE RECORDED GAME ]
Feudal
16:46
Castle
25:52
Imperial
—
| APM avg | 9.4 |
| APM peak | 28 |
| eAPM avg | 6.8 |
| Villagers / military | 70 / 57 |
Focus
⚔️ 17.2% · 🌾 82.8%
Mangudai ×25 · Camel Scout ×18 · Trade Cart ×14 · Spearman ×12 · Petard ×2
Feudal
14:49
Castle
18:50
Imperial
38:46
| APM avg | 16.3 |
| APM peak | 42 |
| eAPM avg | 12.0 |
| Villagers / military | 117 / 93 |
Focus
⚔️ 30.1% · 🌾 69.9%
Spearman ×49 · Scorpion ×35 · Trade Cart ×12 · Bombard Cannon ×5 · Monk ×3 · Mangonel ×1
Feudal
13:54
Castle
18:58
Imperial
39:34
| APM avg | 23.3 |
| APM peak | 71 |
| eAPM avg | 12.9 |
| Villagers / military | 106 / 99 |
Focus
⚔️ 31.8% · 🌾 68.2%
Knight ×47 · Spearman ×36 · Monk ×8 · Trade Cart ×6 · Flemish Militia ×5 · Trebuchet (Packed) ×3
Feudal
17:14
Castle
22:22
Imperial
38:17
| APM avg | 32.4 |
| APM peak | 70 |
| eAPM avg | 17.7 |
| Villagers / military | 102 / 122 |
Focus
⚔️ 21.2% · 🌾 78.8%
Camel Scout ×94 · Trade Cart ×47 · Mameluke ×13 · Battering Ram ×7 · Mangonel ×4 · Trebuchet (Packed) ×4
Match map
Initial resources + every placement click. Lines = walls · curves = elevation contours. ◆ gold · ⬟ stone · ● berries · ✦ relic · ◌ wall gap
Your base· Open — opponent sealed themselves in
Centu62's base· ✓ Closed at 18:50 · 44t walls · no gate
davidpipe99's base· ✓ Closed at 18:58 · 0t walls · no gate
EL LEON's base· Open — opponent sealed themselves in
Smoothed initial terrain · ◌ = detected wall gap · hover for details
Inputs per minute
— saphi - - Centu62
Build order — saphi
First 150 of 168 actions detected
| 0:07 | Research | Loom |
| 0:07 | Create | Villager (Male) |
| 0:07 | Create | Villager (Male) |
| 0:07 | Create | Villager (Male) |
| 0:08 | Create | Villager (Male) |
| 0:15 | Build | House |
| 0:16 | Build | House |
| 0:17 | Build | House |
| 0:17 | Build | House |
| 1:51 | Build | Palisade Wall |
| 2:09 | Create | Villager (Male) |
| 2:09 | Create | Villager (Male) |
| 3:15 | Create | Villager (Male) |
| 3:15 | Create | Villager (Male) |
| 3:57 | Create | Villager (Male) |
| 3:57 | Create | Villager (Male) |
| 4:22 | Create | Villager (Male) |
| 4:37 | Create | Villager (Male) |
| 5:15 | Create | Villager (Male) |
| 5:32 | Build | Mining Camp |
| 6:04 | Build | Mining Camp |
| 6:07 | Create | Villager (Male) |
| 6:08 | Create | Villager (Male) |
| 6:08 | Create | Villager (Male) |
| 6:08 | Create | Villager (Male) |
| 6:40 | Create | Villager (Male) |
| 7:37 | Build | Mill |
| 8:52 | Create | Villager (Male) |
| 8:52 | Create | Villager (Male) |
| 8:52 | Create | Villager (Male) |
| 8:53 | Create | Villager (Male) |
| 10:06 | Build | Lumber Camp |
| 10:20 | Build | House |
| 10:21 | Build | House |
| 10:22 | Build | House |
| 10:23 | Build | House |
| 10:42 | Create | Villager (Male) |
| 10:42 | Create | Villager (Male) |
| 10:42 | Create | Villager (Male) |
| 10:42 | Create | Villager (Male) |
| 12:07 | Create | Villager (Male) |
| 12:07 | Create | Villager (Male) |
| 12:07 | Create | Villager (Male) |
| 12:08 | Create | Villager (Male) |
| 12:08 | Create | Villager (Male) |
| 12:08 | Create | Villager (Male) |
| 12:08 | Create | Villager (Male) |
| 12:09 | Create | Villager (Male) |
| 12:21 | Create | Villager (Male) |
| 13:26 | Build | Farm |
| 13:28 | Build | Farm |
| 13:29 | Build | Farm |
| 13:30 | Build | Farm |
| 13:32 | Build | Farm |
| 13:33 | Build | Farm |
| 14:36 | Research | Feudal Age |
| 16:42 | Build | Farm |
| 16:45 | Create | Villager (Male) |
| 16:45 | Create | Villager (Male) |
| 16:45 | Create | Villager (Male) |
| 16:45 | Create | Villager (Male) |
| 16:46 | Age | Feudal Age |
| 16:53 | Build | Market |
| 16:56 | Build | Blacksmith |
| 17:00 | Build | Barracks |
| 17:03 | Create | Villager (Male) |
| 17:03 | Create | Villager (Male) |
| 17:04 | Create | Villager (Male) |
| 17:13 | Research | Horse Collar |
| 17:16 | Research | Double-Bit Axe |
| 17:39 | Build | Farm |
| 17:44 | Build | Farm |
| 17:48 | Create | Villager (Male) |
| 17:48 | Create | Villager (Male) |
| 18:07 | Build | Farm |
| 18:30 | Research | Gold Mining |
| 20:24 | Build | Market |
| 20:26 | Build | Market |
| 20:38 | Create | Villager (Male) |
| 20:38 | Create | Villager (Male) |
| 20:39 | Create | Villager (Male) |
| 20:39 | Create | Villager (Male) |
| 20:40 | Create | Villager (Male) |
| 20:45 | Create | Trade Cart |
| 20:57 | Create | Trade Cart |
| 21:18 | Build | Farm |
| 21:23 | Build | Farm |
| 21:35 | Build | Farm |
| 22:27 | Build | House |
| 22:28 | Build | House |
| 22:30 | Build | House |
| 22:31 | Build | House |
| 22:37 | Build | Archery Range |
| 23:03 | Create | Trade Cart |
| 23:12 | Research | Castle Age |
| 23:24 | Create | Spearman |
| 23:24 | Create | Spearman |
| 23:24 | Create | Spearman |
| 23:25 | Create | Spearman |
| 23:25 | Create | Spearman |
| 23:25 | Create | Spearman |
| 25:52 | Age | Castle Age |
| 26:10 | Build | Castle |
| 28:28 | Create | Petard |
| 28:29 | Create | Petard |
| 28:34 | Create | Spearman |
| 28:34 | Create | Spearman |
| 28:34 | Create | Spearman |
| 28:35 | Create | Spearman |
| 28:35 | Create | Spearman |
| 28:35 | Create | Spearman |
| 29:54 | Create | Trade Cart |
| 29:54 | Create | Trade Cart |
| 29:54 | Create | Trade Cart |
| 30:58 | Create | Villager (Male) |
| 30:59 | Create | Villager (Male) |
| 31:47 | Build | Lumber Camp |
| 31:52 | Create | Villager (Male) |
| 31:53 | Create | Villager (Male) |
| 33:38 | Build | Town Center |
| 34:00 | Create | Villager (Male) |
| 34:00 | Create | Villager (Male) |
| 34:00 | Create | Villager (Male) |
| 34:46 | Build | University |
| 35:08 | Build | Farm |
| 35:18 | Build | Farm |
| 35:22 | Create | Villager (Male) |
| 35:22 | Create | Villager (Male) |
| 35:22 | Create | Villager (Male) |
| 35:23 | Create | Villager (Male) |
| 35:34 | Create | Trade Cart |
| 35:34 | Create | Trade Cart |
| 35:35 | Create | Trade Cart |
| 35:35 | Create | Trade Cart |
| 35:57 | Build | Farm |
| 36:23 | Build | Farm |
| 36:35 | Build | Farm |
| 37:25 | Build | Farm |
| 37:27 | Build | Farm |
| 37:35 | Build | Farm |
| 37:55 | Create | Villager (Male) |
| 37:55 | Create | Villager (Male) |
| 37:55 | Create | Villager (Male) |
| 37:55 | Create | Villager (Male) |
| 37:56 | Create | Villager (Male) |
| 37:56 | Create | Villager (Male) |
| 37:56 | Create | Villager (Male) |
| 37:56 | Create | Villager (Male) |
| 37:57 | Create | Villager (Male) |
| 38:00 | Create | Villager (Male) |
Build order — Centu62
First 150 of 382 actions detected
| 0:01 | Create | Villager (Male) |
| 0:01 | Create | Villager (Male) |
| 0:02 | Create | Villager (Male) |
| 0:08 | Build | House |
| 0:36 | Build | House |
| 0:44 | Research | Loom |
| 0:45 | Create | Villager (Male) |
| 0:45 | Create | Villager (Male) |
| 0:45 | Create | Villager (Male) |
| 1:27 | Build | Palisade Wall |
| 2:28 | Create | Villager (Male) |
| 3:16 | Create | Villager (Male) |
| 3:47 | Create | Villager (Male) |
| 4:06 | Build | Palisade Wall |
| 4:17 | Create | Villager (Male) |
| 4:17 | Create | Villager (Male) |
| 4:53 | Create | Villager (Male) |
| 5:26 | Create | Villager (Male) |
| 5:50 | Build | House |
| 5:58 | Create | Villager (Male) |
| 5:58 | Create | Villager (Male) |
| 6:25 | Create | Villager (Male) |
| 6:25 | Create | Villager (Male) |
| 6:42 | Create | Villager (Male) |
| 6:42 | Create | Villager (Male) |
| 6:53 | Build | Palisade Wall |
| 6:54 | Build | Palisade Wall |
| 6:56 | Build | Palisade Wall |
| 6:59 | Build | Palisade Wall |
| 7:17 | Build | Lumber Camp |
| 7:26 | Build | House |
| 7:59 | Build | House |
| 8:28 | Create | Villager (Male) |
| 8:28 | Create | Villager (Male) |
| 8:29 | Create | Villager (Male) |
| 8:29 | Create | Villager (Male) |
| 9:01 | Build | Mill |
| 9:07 | Build | House |
| 9:53 | Create | Villager (Male) |
| 9:54 | Create | Villager (Male) |
| 10:09 | Build | Palisade Wall |
| 10:25 | Build | Mining Camp |
| 10:47 | Create | Villager (Male) |
| 10:47 | Create | Villager (Male) |
| 11:40 | Create | Villager (Male) |
| 11:40 | Create | Villager (Male) |
| 11:58 | Build | Mining Camp |
| 12:09 | Build | Palisade Wall |
| 12:39 | Research | Feudal Age |
| 13:17 | Build | Mill |
| 14:21 | Build | Farm |
| 14:22 | Build | Farm |
| 14:22 | Build | Farm |
| 14:23 | Build | Farm |
| 14:25 | Build | Farm |
| 14:49 | Age | Feudal Age |
| 14:53 | Build | Stone Wall |
| 14:55 | Create | Villager (Male) |
| 14:55 | Create | Villager (Male) |
| 15:02 | Build | Market |
| 15:17 | Build | Blacksmith |
| 15:33 | Create | Villager (Male) |
| 15:59 | Research | Castle Age |
| 16:12 | Build | Farm |
| 17:06 | Build | House |
| 17:08 | Build | House |
| 17:09 | Build | House |
| 17:10 | Build | House |
| 17:15 | Research | Double-Bit Axe |
| 17:22 | Research | Horse Collar |
| 17:29 | Research | Gold Mining |
| 18:16 | Build | Farm |
| 18:17 | Build | Farm |
| 18:18 | Build | Farm |
| 18:22 | Build | Farm |
| 18:50 | Age | Castle Age |
| 18:56 | Build | Town Center |
| 18:58 | Create | Villager (Male) |
| 18:58 | Create | Villager (Male) |
| 19:02 | Research | Caravan |
| 19:30 | Research | Bow Saw |
| 19:40 | Create | Villager (Male) |
| 19:43 | Research | Stone Mining |
| 20:08 | Research | Heavy Plow |
| 20:15 | Create | Villager (Male) |
| 21:20 | Research | Wheelbarrow |
| 21:21 | Create | Villager (Male) |
| 21:21 | Create | Villager (Male) |
| 21:36 | Build | Town Center |
| 21:51 | Build | Town Center |
| 22:00 | Create | Villager (Male) |
| 22:00 | Create | Villager (Male) |
| 22:00 | Create | Villager (Male) |
| 22:01 | Create | Villager (Male) |
| 22:39 | Build | Town Center |
| 22:43 | Create | Villager (Male) |
| 22:43 | Create | Villager (Male) |
| 22:44 | Create | Villager (Male) |
| 22:44 | Create | Villager (Male) |
| 23:09 | Build | Stone Wall |
| 23:16 | Build | Gate |
| 23:40 | Create | Villager (Male) |
| 23:40 | Create | Villager (Male) |
| 23:40 | Create | Villager (Male) |
| 23:41 | Create | Villager (Male) |
| 23:41 | Create | Villager (Male) |
| 24:13 | Build | Town Center |
| 24:18 | Create | Villager (Male) |
| 24:18 | Create | Villager (Male) |
| 24:18 | Create | Villager (Male) |
| 24:18 | Create | Villager (Male) |
| 24:35 | Create | Villager (Male) |
| 24:45 | Build | Siege Workshop |
| 24:54 | Create | Villager (Male) |
| 24:54 | Create | Villager (Male) |
| 25:07 | Build | Farm |
| 25:08 | Build | Farm |
| 25:09 | Build | Farm |
| 25:09 | Build | Farm |
| 25:10 | Build | Farm |
| 25:10 | Build | Farm |
| 25:10 | Build | Farm |
| 25:10 | Build | Farm |
| 25:11 | Build | Farm |
| 25:11 | Build | Farm |
| 25:21 | Build | Monastery |
| 25:33 | Build | University |
| 25:37 | Create | Mangonel |
| 25:44 | Research | Fletching |
| 26:05 | Create | Villager (Male) |
| 26:05 | Create | Villager (Male) |
| 26:06 | Create | Villager (Male) |
| 26:06 | Create | Villager (Male) |
| 26:12 | Build | Farm |
| 26:17 | Create | Monk |
| 26:42 | Research | Fortified Wall (upgrade) |
| 26:43 | Research | Ballistics |
| 27:03 | Build | Siege Workshop |
| 27:15 | Create | Villager (Male) |
| 27:16 | Create | Villager (Male) |
| 27:16 | Create | Villager (Male) |
| 27:16 | Create | Villager (Male) |
| 27:16 | Create | Villager (Male) |
| 27:29 | Build | Farm |
| 27:38 | Build | Farm |
| 27:39 | Build | Farm |
| 27:40 | Build | Farm |
| 27:41 | Build | Farm |
| 27:42 | Build | Farm |
| 27:52 | Build | Farm |
Build order — davidpipe99
First 150 of 335 actions detected
| 0:02 | Create | Villager (Male) |
| 0:03 | Build | House |
| 0:05 | Build | House |
| 0:26 | Create | Villager (Male) |
| 0:35 | Create | Villager (Male) |
| 0:36 | Research | Loom |
| 1:00 | Create | Villager (Male) |
| 1:44 | Create | Villager (Male) |
| 2:11 | Build | Lumber Camp |
| 2:20 | Create | Villager (Male) |
| 2:45 | Create | Villager (Male) |
| 3:07 | Create | Villager (Male) |
| 3:35 | Build | House |
| 3:41 | Create | Villager (Male) |
| 4:23 | Build | Mill |
| 4:37 | Create | Villager (Male) |
| 4:37 | Create | Villager (Male) |
| 5:17 | Create | Villager (Male) |
| 5:53 | Create | Villager (Male) |
| 6:28 | Build | House |
| 6:32 | Create | Villager (Male) |
| 6:34 | Create | Villager (Male) |
| 7:12 | Create | Villager (Male) |
| 7:13 | Create | Villager (Male) |
| 7:19 | Create | Villager (Male) |
| 7:19 | Create | Villager (Male) |
| 7:26 | Create | Villager (Male) |
| 7:33 | Create | Villager (Male) |
| 7:54 | Build | Lumber Camp |
| 8:51 | Create | Villager (Male) |
| 8:52 | Create | Villager (Male) |
| 8:52 | Create | Villager (Male) |
| 9:47 | Research | Feudal Age |
| 9:55 | Build | House |
| 10:07 | Build | Farm |
| 10:08 | Build | Farm |
| 10:15 | Build | Farm |
| 10:28 | Research | Double-Bit Axe |
| 10:51 | Build | Farm |
| 11:06 | Build | Mining Camp |
| 11:24 | Build | House |
| 11:35 | Research | Horse Collar |
| 11:48 | Build | Farm |
| 12:19 | Research | Gold Mining |
| 12:39 | Create | Villager (Male) |
| 12:40 | Create | Villager (Male) |
| 12:58 | Build | Farm |
| 13:22 | Build | House |
| 13:46 | Build | Farm |
| 13:54 | Age | Feudal Age |
| 14:12 | Build | Farm |
| 14:16 | Build | Barracks |
| 14:31 | Build | Blacksmith |
| 14:49 | Research | Wheelbarrow |
| 15:11 | Build | Stable |
| 16:03 | Build | Farm |
| 16:04 | Build | Farm |
| 16:07 | Build | Farm |
| 16:18 | Research | Castle Age |
| 16:24 | Build | Stable |
| 16:37 | Build | House |
| 16:39 | Build | House |
| 16:53 | Research | Heavy Plow |
| 17:12 | Build | Farm |
| 18:06 | Research | Forging |
| 18:15 | Build | Farm |
| 18:21 | Build | Farm |
| 18:21 | Build | Farm |
| 18:36 | Build | House |
| 18:55 | Research | Scale Barding Armor |
| 18:58 | Age | Castle Age |
| 19:01 | Research | Cavalier (upgrade) |
| 19:02 | Create | Knight |
| 19:27 | Build | Town Center |
| 19:36 | Build | Town Center |
| 19:43 | Create | Knight |
| 19:48 | Research | Husbandry |
| 20:00 | Create | Villager (Male) |
| 20:00 | Create | Villager (Male) |
| 20:14 | Create | Knight |
| 20:44 | Create | Villager (Male) |
| 21:03 | Research | Crop Rotation |
| 21:04 | Create | Knight |
| 21:08 | Create | Knight |
| 21:17 | Create | Villager (Male) |
| 21:17 | Create | Villager (Male) |
| 21:24 | Create | Villager (Male) |
| 21:24 | Create | Villager (Male) |
| 21:40 | Create | Knight |
| 21:53 | Create | Villager (Male) |
| 21:59 | Create | Villager (Male) |
| 21:59 | Create | Villager (Male) |
| 22:20 | Create | Knight |
| 22:52 | Create | Knight |
| 23:04 | Build | Monastery |
| 23:13 | Create | Villager (Male) |
| 23:13 | Create | Villager (Male) |
| 23:15 | Create | Villager (Male) |
| 23:15 | Create | Villager (Male) |
| 23:17 | Create | Villager (Male) |
| 23:17 | Create | Villager (Male) |
| 23:32 | Build | Market |
| 23:41 | Create | Knight |
| 23:41 | Create | Knight |
| 24:29 | Create | Knight |
| 24:29 | Create | Knight |
| 24:33 | Create | Villager (Male) |
| 24:33 | Create | Villager (Male) |
| 24:34 | Create | Villager (Male) |
| 24:44 | Build | Farm |
| 24:44 | Build | Farm |
| 24:53 | Build | House |
| 24:54 | Build | House |
| 24:55 | Build | House |
| 24:57 | Create | Monk |
| 24:57 | Create | Monk |
| 25:25 | Create | Knight |
| 25:25 | Create | Knight |
| 25:32 | Create | Villager (Male) |
| 25:32 | Create | Villager (Male) |
| 25:33 | Create | Villager (Male) |
| 25:38 | Build | Mill |
| 25:40 | Build | Farm |
| 25:40 | Build | Farm |
| 25:41 | Build | Farm |
| 25:41 | Build | Farm |
| 25:42 | Build | Farm |
| 25:42 | Build | Farm |
| 25:43 | Build | Farm |
| 25:44 | Build | Farm |
| 25:47 | Create | Villager (Male) |
| 25:48 | Create | Villager (Male) |
| 25:48 | Create | Villager (Male) |
| 26:15 | Create | Knight |
| 26:15 | Create | Knight |
| 27:16 | Build | Market |
| 27:20 | Build | House |
| 27:20 | Build | House |
| 27:21 | Build | House |
| 27:22 | Create | Villager (Male) |
| 27:23 | Create | Villager (Male) |
| 27:23 | Create | Villager (Male) |
| 27:24 | Research | Hand Cart |
| 27:29 | Research | Bow Saw |
| 27:31 | Research | Gold Shaft Mining |
| 27:32 | Research | Stone Mining |
| 28:12 | Build | Mining Camp |
| 28:14 | Create | Villager (Male) |
| 28:15 | Create | Villager (Male) |
| 28:15 | Create | Villager (Male) |
Build order — EL LEON
First 150 of 272 actions detected
| 0:02 | Create | Villager (Male) ×4 |
| 0:10 | Build | House |
| 0:37 | Research | Loom |
| 0:39 | Create | Villager (Male) |
| 0:40 | Create | Villager (Male) |
| 0:40 | Create | Villager (Male) |
| 0:53 | Build | Palisade Wall |
| 1:36 | Build | Palisade Wall |
| 2:03 | Create | Villager (Male) |
| 2:04 | Create | Villager (Male) |
| 2:31 | Create | Villager (Male) |
| 3:03 | Create | Villager (Male) |
| 3:03 | Create | Villager (Male) |
| 3:11 | Build | House |
| 3:31 | Create | Villager (Male) |
| 3:31 | Create | Villager (Male) |
| 3:46 | Build | House |
| 4:10 | Build | House |
| 4:12 | Build | Palisade Wall |
| 4:15 | Create | Villager (Male) |
| 4:15 | Create | Villager (Male) |
| 4:39 | Create | Villager (Male) |
| 4:40 | Create | Villager (Male) |
| 5:11 | Create | Villager (Male) |
| 5:12 | Create | Villager (Male) |
| 5:33 | Build | House |
| 5:45 | Create | Villager (Male) |
| 5:46 | Create | Villager (Male) |
| 6:16 | Create | Villager (Male) |
| 6:16 | Create | Villager (Male) |
| 6:17 | Create | Villager (Male) |
| 7:05 | Create | Villager (Male) |
| 7:05 | Create | Villager (Male) |
| 7:34 | Create | Villager (Male) |
| 7:34 | Create | Villager (Male) |
| 7:34 | Create | Villager (Male) |
| 8:25 | Create | Villager (Male) |
| 8:25 | Create | Villager (Male) |
| 8:25 | Create | Villager (Male) |
| 8:26 | Create | Villager (Male) |
| 8:43 | Build | Lumber Camp |
| 8:52 | Build | Mill |
| 9:51 | Create | Villager (Male) |
| 9:51 | Create | Villager (Male) |
| 9:51 | Create | Villager (Male) |
| 9:52 | Create | Villager (Male) |
| 9:52 | Create | Villager (Male) |
| 9:52 | Create | Villager (Male) |
| 9:53 | Create | Villager (Male) |
| 10:16 | Create | Villager (Male) |
| 10:32 | Build | Lumber Camp |
| 10:34 | Create | Villager (Male) |
| 10:58 | Build | Mining Camp |
| 11:20 | Create | Villager (Male) |
| 11:20 | Create | Villager (Male) |
| 11:27 | Create | Villager (Male) |
| 11:57 | Build | House |
| 12:01 | Build | House |
| 12:56 | Build | House |
| 12:58 | Create | Villager (Male) |
| 13:26 | Create | Villager (Male) |
| 14:17 | Build | Farm |
| 14:28 | Create | Villager (Male) |
| 14:56 | Research | Feudal Age |
| 15:10 | Build | Lumber Camp |
| 15:39 | Build | House |
| 15:39 | Build | House |
| 15:39 | Build | House |
| 15:40 | Build | House |
| 15:42 | Build | House |
| 17:14 | Age | Feudal Age |
| 17:21 | Build | Market |
| 17:22 | Build | Market |
| 17:24 | Build | Market |
| 17:27 | Research | Wheelbarrow |
| 17:30 | Research | Double-Bit Axe |
| 17:38 | Build | Farm |
| 17:41 | Build | Farm |
| 17:49 | Build | Lumber Camp |
| 18:10 | Build | House |
| 18:11 | Build | House |
| 18:13 | Build | House |
| 18:13 | Build | House |
| 19:05 | Build | Blacksmith |
| 19:10 | Create | Villager (Male) |
| 19:16 | Create | Trade Cart ×5 |
| 19:21 | Create | Trade Cart ×5 |
| 19:41 | Build | House |
| 19:41 | Build | House |
| 19:41 | Build | House |
| 19:41 | Build | House |
| 19:42 | Research | Castle Age |
| 19:46 | Create | Trade Cart ×2 |
| 19:46 | Create | Trade Cart ×2 |
| 19:53 | Build | House |
| 19:53 | Build | House |
| 19:54 | Build | House |
| 19:54 | Build | House |
| 19:54 | Build | House |
| 19:54 | Build | House |
| 19:55 | Build | House |
| 19:55 | Build | House |
| 19:55 | Build | House |
| 19:56 | Build | House |
| 19:56 | Build | House |
| 19:56 | Build | House |
| 19:56 | Build | House |
| 20:08 | Build | Farm |
| 20:16 | Build | Farm |
| 20:16 | Build | Farm |
| 20:18 | Build | Farm |
| 20:21 | Research | Horse Collar |
| 20:22 | Research | Horse Collar |
| 20:42 | Build | Farm |
| 20:43 | Build | Farm |
| 21:06 | Build | Stone Wall |
| 21:57 | Build | House |
| 22:01 | Build | Palisade Wall |
| 22:04 | Build | House |
| 22:14 | Create | Trade Cart ×4 |
| 22:22 | Age | Castle Age |
| 22:38 | Build | Town Center |
| 22:48 | Build | Mining Camp |
| 22:52 | Research | Hand Cart |
| 23:33 | Build | Stone Wall |
| 24:04 | Build | Gate |
| 24:13 | Build | Barracks |
| 24:18 | Create | Villager (Male) ×5 |
| 25:01 | Create | Villager (Male) ×5 |
| 25:19 | Build | Stable |
| 25:23 | Build | Stable |
| 25:42 | Build | Farm |
| 25:43 | Build | Farm |
| 25:43 | Build | Farm |
| 25:45 | Build | Farm |
| 25:47 | Research | Heavy Plow |
| 26:01 | Create | Villager (Male) |
| 26:01 | Create | Villager (Male) |
| 26:03 | Create | Villager (Male) |
| 26:06 | Build | Farm |
| 26:08 | Build | Farm |
| 26:27 | Create | Camel Scout ×5 |
| 26:33 | Create | Villager (Male) ×2 |
| 26:43 | Build | Stable |
| 26:47 | Create | Villager (Male) |
| 26:54 | Build | Farm |
| 26:57 | Build | Farm |
| 26:59 | Create | Villager (Male) |
| 27:19 | Build | Farm |
| 27:26 | Build | Farm |
Match timeline
| 0:53 | EL LEON · wall_segment Palisade Wall x12 |
| 1:27 | Centu62 · wall_segment Palisade Wall x8 |
| 1:36 | EL LEON · wall_segment Palisade Wall x14 |
| 1:51 | saphi · wall_segment Palisade Wall x9 |
| 4:06 | Centu62 · wall_segment Palisade Wall x12 |
| 4:12 | EL LEON · wall_segment Palisade Wall x1 |
| 6:53 | Centu62 · wall_segment Palisade Wall x1 |
| 6:54 | Centu62 · wall_segment Palisade Wall x2 |
| 6:56 | Centu62 · wall_segment Palisade Wall x2 |
| 6:59 | Centu62 · wall_segment Palisade Wall x11 |
| 10:09 | Centu62 · wall_segment Palisade Wall x10 |
| 12:09 | Centu62 · wall_segment Palisade Wall x9 |
| 13:54 | davidpipe99 · age_up feudal |
| 14:16 | davidpipe99 · first_building Barracks |
| 14:49 | Centu62 · age_up feudal |
| 14:53 | Centu62 · wall_segment Stone Wall x10 |
| 15:11 | davidpipe99 · first_building Stable |
| 16:46 | saphi · age_up feudal |
| 17:00 | saphi · first_building Barracks |
| 17:14 | EL LEON · age_up feudal |
| 18:50 | Centu62 · age_up castle |
| 18:58 | davidpipe99 · age_up castle |
| 19:26 | EL LEON · first_market_sell 100 wood |
| 19:30 | EL LEON · first_market_buy 100 food |
| 21:06 | EL LEON · wall_segment Stone Wall x16 |
| 22:01 | EL LEON · wall_segment Palisade Wall x1 |
| 22:22 | EL LEON · age_up castle |
| 22:37 | saphi · first_building Archery Range |
| 23:04 | davidpipe99 · first_building Monastery |
| 23:09 | Centu62 · wall_segment Stone Wall x12 |
| 23:33 | EL LEON · wall_segment Stone Wall x8 |
| 24:04 | Centu62 · first_market_buy 100 stone |
| 24:13 | EL LEON · first_building Barracks |
| 24:45 | Centu62 · first_building Siege Workshop |
| 25:19 | EL LEON · first_building Stable |
| 25:21 | Centu62 · first_building Monastery |
| 25:52 | saphi · age_up castle |
| 26:10 | saphi · first_building Castle |
| 28:02 | saphi · first_market_buy 100 food |
| 28:09 | saphi · first_market_sell 100 food |
| 28:31 | Centu62 · wall_segment Stone Wall x12 |
| 30:23 | Centu62 · first_building Barracks |
| 31:01 | davidpipe99 · first_building Archery Range |
| 32:06 | EL LEON · first_building Siege Workshop |
| 32:57 | EL LEON · first_building Castle |
| 33:50 | Centu62 · first_building Castle |
| 36:03 | EL LEON · wall_segment Stone Wall x8 |
| 36:07 | EL LEON · wall_segment Stone Wall x10 |
| 36:13 | davidpipe99 · first_building Castle |
| 36:46 | EL LEON · first_building Archery Range |
| 38:17 | EL LEON · age_up imperial |
| 38:46 | Centu62 · age_up imperial |
| 39:34 | davidpipe99 · age_up imperial |
| 42:05 | saphi · first_building Stable |
| 44:51 | EL LEON · resign |
[ AI ANALYSIS · 1 CREDIT ]
What really happened in this match?
Wolo.gg analyzes every decision: build order, eco, micro, common mistakes by bracket. Personalized analysis on WhatsApp or Discord in 30 seconds.
Civ guide
Mongols
Perfil
Jugador #8934840